 Dungeon Crawl Stone Soup version 0.20-a0-1126-g0f15420 (webtiles) character file.

143914 AlphabetPasta the Tortoise (level 17, -7/137 HPs)
             Began as a Barachi Chaos Knight on May 15, 2017.
             Mangled by a nagaraja
             ... wielding a +0 spear
              (12 damage)
             ... on level 4 of the Snake Pit on May 16, 2017.
             The game lasted 02:58:41 (24435 turns).

AlphabetPasta the Tortoise (Barachi Chaos Knight)  Turns: 24435, Time: 02:58:42

Health: -7/137     AC: 31    Str: 20      XL:     17   Next: 38%
Magic:  22/22      EV: 14    Int: 19      God:    Xom [..*...]
Gold:   2203       SH: 15    Dex: 15 (16) Spells: 16/16 levels left

rFire    + . .     SeeInvis .   a - +1 double sword
rCold    + . .     Gourm    .   U - +2 shield
rNeg     . . .     Faith    .   h - +4 storm dragon scales {Bai Suzhen}
rPois    +         Spirit   .   f - +2 helmet
rElec    +         Reflect  .   F - scarf {cloud immunity}
rCorr    .         Harm     .   z - +0 pair of gloves
MR       +++..     Clarity  +   (boots unavailable)
Stlth    ..........             g - amulet of regeneration
Regen    1.2/turn               u - ring of protection from fire
MPRegen  0.2/turn               C - ring of poison resistance

@: very slightly contaminated, hasted, constricted, studying Dodging, invisible,
quick
A: +LOS, swims, hooves 3, iridescent scales 1, molten scales 1, camouflage 1,
agile 1, blurry vision 1, clarity, clever 2, cold resistance 1, magic resistance
2, mutation resistance 2, sense surroundings 1, regeneration 1, electricity
resistance, slowness 1, strong 2, wild magic 1, strong legs 2
a: Hop, Renounce Religion


You were on level 4 of the Snake Pit.
You worshipped Xom.
You were a toy of Xom.
You were not hungry.

You visited 4 branches of the dungeon, and saw 27 of its levels.
You also visited: Bailey.

You collected 3036 gold pieces.
You spent 833 gold pieces at shops.

Inventory:

Hand Weapons
 a - a +1 double sword (weapon)
 b - a +0 hunting sling
 c - a +4 scimitar of flaming
Missiles
 o - 168 sling bullets
 q - 508 stones
 L - 19 javelins of returning (quivered)
Armour
 f - a +2 helmet (worn)
 h - +4 storm dragon scales (worn) {Bai Suzhen}
 z - a +0 pair of gloves (worn)
 F - a scarf of cloud immunity (worn)
 M - a +0 crystal plate armour
 U - a +2 shield (worn)
Jewellery
 g - an amulet of regeneration (around neck)
 s - an uncursed ring of flight
 u - a ring of protection from fire (left hand)
 C - a ring of poison resistance (right hand)
Wands
 l - a wand of flame (17/48)
 m - a wand of acid (3/15)
 n - a wand of acid (4/15)
 t - a wand of paralysis (8/24)
 y - a wand of disintegration (6/24)
 G - a wand of disintegration (16/24)
 I - a wand of digging (7/24)
 V - a wand of iceblast (8/15)
Scrolls
 d - 3 scrolls of identify
 e - 11 scrolls of remove curse
 r - a scroll of magic mapping
 v - 4 scrolls of recharging
 x - 3 scrolls of teleportation
 B - 3 scrolls of blinking
 P - 3 scrolls of enchant armour
 T - a scroll of fear
 W - a scroll of holy word
 Y - 2 scrolls of summoning
Potions
 w - 3 potions of ambrosia
 E - 3 potions of flight
 J - a potion of invisibility
 Q - 6 potions of curing
 S - a potion of resistance
 X - a potion of cancellation
Books
 p - a manual of Dodging
Miscellaneous
 A - a box of beasts
 N - a sack of spiders
Comestibles
 i - 16 meat rations
 j - 3 royal jellies
 k - 18 fruits
 D - 2 chunks of flesh
 R - 19 bread rations


   Skills:
 + Level 13.4 Fighting
 + Level 17.1 Long Blades
 * Level 11.0 Slings
 - Level 1.3(7.1) Throwing
 + Level 17.9 Armour
 * Level 15.2 Dodging
 + Level 13.1 Shields
 + Level 7.7 Evocations


You had 16 spell levels left.
You didn't know any spells.

Dungeon Overview and Level Annotations

Branches:
Dungeon (15/15)            Temple (0/1) D:4            Lair (6/6) D:9
 Shoals (0/4) Lair:2        Snake (4/4) Lair:2        Slime (0/5) Lair:5
    Orc (2/2) D:11            Elf (0/3) Orc:2        Vaults (0/5) D:13
 Depths (0/5) D:15

Altars:
Dithmenos
Elyvilon
Fedhas
Hepliaklqana
Makhleb
Okawaru
Qazlal
Sif Muna
Uskayaw
Xom
Yredelemnul
Zin
The Shining One
Beogh

Shops:
D:4 }:   D:5 :(*   D:8 [   D:11 =   D:13 !   Orc:1 :   Orc:2 %(}*   Snake:3 (

Annotations:
D:10 jblayyy's ghost, novice TrTm


Innate Abilities, Weirdness & Mutations

Shadows flee at your approach. (+LOS)
You can swim through water.
You cover ground slowly.
You can hop longer distances.
You have hooves in place of feet.
You are partially covered in iridescent scales. (AC +2)
You are partially covered in molten scales. (AC +2)
Your skin changes colour to match your surroundings (Stealth+).
You are agile. (Dex +2)
Scrolls take you a little longer to read.
You possess an exceptional clarity of mind.
Your mind is very acute. (Int +4)
Your flesh is cold resistant. (rC+)
You are highly resistant to hostile enchantments. (MR++)
You are somewhat resistant to both further mutation and mutation removal.
You passively map a small area around you.
Your natural rate of healing is unusually fast.
You are resistant to electric shocks. (rElec)
Your muscles are very strong. (Str +4)
Your spells are a little harder to cast, but a little more powerful.


Message History

The sea snake bites you but does no damage.
The nagaraja hits you from afar with a spear!
* * * LOW HITPOINT WARNING * * *
The sea snake bites you!
* * * LOW HITPOINT WARNING * * *
You block the sea snake's attack.
Unknown command.
You feel better.
The nagaraja hits you from afar with a spear!
* * * LOW HITPOINT WARNING * * *
The sea snake closely misses you. You block the nagaraja's attack.
The sea snake bites you but does no damage.
The naga completely misses you. The naga grabs you. The naga constricts you.
You catch the helpless sea snake completely off-guard!
You slice the sea snake!!
You kick the sea snake, but do no damage.
The sea snake is almost dead.
The nagaraja hits you from afar with a spear!
You die...
Xom thinks this is hilarious!

##..# , #≈..##
** ,
###≈≈.≈#### *
##.≈≈≈.≈≈≈≈#
#......≈≈≈≈##
#.≈≈≈≈...≈≈≈#
,
##.≈≈≈≈NN.≈≈#
#..≈≈≈SNSSN##
#≈..≈≈≈≈S@## ,
, #≈≈...NNSN#
#≈≈.φ.NNNN#≈≈
, ≈
#≈≈...≈N≈N# ,,
, ≈
#≈..≈≈≈≈≈.#* ,
, ,
#..≈≈≈≈≈≈.≈ ,
, ##.≈≈≈≈≈≈.≈≈
* ,
#.≈≈≈≈...≈≈≈*,
,*
#......≈≈≈≈#


You could see 2 naga warriors, 3 nagarajas, 4 sea snakes, a guardian serpent, a
naga mage and 7 nagas.

Vanquished Creatures
  Bai Suzhen (Snake:3)
  Kirke (D:13)
  3 nagarajas
  Aizul (Snake:3)
  Nessos (Orc:2)
  A dire elephant (D:15)
  A fire dragon (Lair:6)
  7 hydras
  4 vault guards (D:13)
  13 naga warriors
  5 anacondas
  The ghost of TroubleDarcy the Severer, a journeyman GrBe of Trog (Lair:3)
  6 centaur warriors
  11 two-headed ogres
  An ogre mage (D:15)
  2 tengu warriors (D:14)
  A death knight (D:15)
  3 naga sharpshooters
  7 death yaks
  2 orc high priests (Orc:2)
  6 shock serpents
  4 salamander mystics
  2 skeletal warriors (D:15)
  A sea snake (Snake:4)
  2 unseen horrors
  A deep troll (Lair:6)
  2 naga ritualists
  5 mana vipers
  9 orc knights
  A wolf spider (D:15)
  A deep elf mage (D:13)
  An orb spider (shapeshifter) (D:13)
  2 lindwurms (Lair:6)
  5 orc sorcerers
  3 ugly things
  13 salamanders
  5 manticores
  7 cyclopes
  An elephant (Lair:5)
  5 guardian serpents
  18 black mambas
  5 torpor snails
  10 naga magi
  3 centaur skeletons
  2 gargoyles (D:13)
  7 spiny frogs
  A yaktaur (D:8)
  An efreet (D:13)
  A kobold demonologist (D:15)
  3 komodo dragons
  2 rime drakes
  2 freezing wraiths (D:15)
  2 tengu conjurers (D:15)
  3 trolls
  3 tyrant leeches (Lair:6)
  A harpy skeleton (D:15)
  8 hornets (Lair:6)
  5 slime creatures
  Prince Ribbit (D:9)
  A snapping turtle (Lair:2)
  8 hippogriffs
  A vampire (D:14)
  A water elemental (D:12)
  2 wraiths
  A shapeshifter (Snake:3)
  A spriggan (D:7)
  A redback (Snake:4)
  6 basilisks
  A hog (D:13)
  4 fire bats (D:14)
  A wyvern (D:8)
  5 hungry ghosts
  3 steam dragons
  5 vampire mosquitoes (D:15)
  36 yaks
  3 wargs (Orc:2)
  35 nagas
  Edmund (D:5)
  A hell hound (D:14)
  An acid dragon (D:14)
  35 orc warriors
  15 water moccasins
  4 porcupines
  8 sky beasts
  A black bear (shapeshifter) (D:4)
  9 ice beasts
  5 black bears
  19 ogres
  A necrophage (D:7)
  4 phantoms
  14 wolves
  15 centaurs
  An eye of draining (shapeshifter) (D:14)
  9 crocodiles
  6 big kobolds
  12 bullfrogs
  5 scorpions
  8 killer bees
  11 wights
  2 howler monkeys
  4 electric eels
  2 lava snakes (D:14)
  6 crimson imps
  2 bullfrog zombies (D:8)
  11 hounds
  23 orc priests
  25 orc wizards
  2 bullfrog skeletons (D:8)
  A gnoll shaman (Orc:1)
  2 centaur zombies
  6 jellies
  7 hell rats (Lair:3)
  5 iguanas
  Natasha (thrice) (D:2)
  12 worker ants
  A hound zombie (D:8)
  A hound skeleton (D:10)
  Robin (D:3)
  3 worker ant zombies
  20 adders
  17 gnolls
  2 shadow imps
  2 oozes
  2 worms
  2 dart slugs (D:3)
  8 leopard geckos
  109 orcs
  9 bats
  11 giant cockroaches
  24 goblins
  6 hobgoblins
  22 jackals
  5 quokkas
  A ball python (shapeshifter) (D:7)
  2 ball pythons
  5 frilled lizards
  28 kobolds
  A quokka skeleton (D:5)
  6 rats
  2 fire vortices (D:14)
  2 plants (Lair:6)
931 creatures vanquished.

Vanquished Creatures (collateral kills)
  A hydra (Lair:5)
  4 death yaks (Lair:5)
  An orc high priest (Orc:2)
  A mana viper (Snake:3)
  Maurice (D:10)
  A centaur skeleton (D:11)
  A gargoyle (D:11)
  4 yaks (D:12)
  A hungry ghost (D:12)
  6 orc warriors
  A phantom (D:9)
  An ogre (D:10)
  A crocodile (D:11)
  A big kobold (D:7)
  A bullfrog (D:7)
  A scorpion (D:10)
  6 killer bees (D:11)
  3 wights (D:11)
  A howler monkey (D:11)
  2 orc priests
  4 orc wizards
  A river rat (D:4)
  12 orcs
  A quokka (D:4)
  2 fungi (D:9)
59 creatures vanquished.

Vanquished Creatures (others)
  An anaconda (Snake:3)
  A dancing weapon (Orc:2)
  A naga mage (Snake:3)
  A water elemental (D:12)
  A yak (Lair:5)
  A naga (Snake:3)
  An orc warrior (Orc:2)
  A sky beast (D:12)
  An orc priest (Orc:2)
  An orc wizard (Orc:2)
  2 orcs (Orc:2)
  A fire vortex (D:14)
  12 fungi
  7 plants
32 creatures vanquished.

Grand Total: 1022 creatures vanquished

Notes
Turn   | Place    | Note
-------+----------+-------------------------------------------
     0 | D:1      | AlphabetPasta the Barachi Chaos Knight began the quest for the Orb.
     0 | D:1      | Reached XP level 1. HP: 18/18 MP: 1/1
    29 | D:1      | Reached XP level 2. HP: 10/25 MP: 2/2
    73 | D:1      | XOM: harmless Summ miscast
   155 | D:1      | XOM: harmless Air miscast
   295 | D:1      | Reached XP level 3. HP: 30/30 MP: 3/3
   389 | D:1      | XOM: cloud trail
   646 | D:2      | Noticed Natasha
   650 | D:2      | XOM: enchant monster (good)
   660 | D:2      | Killed Natasha
   660 | D:2      | Reached XP level 4. HP: 36/37 MP: 4/4
   794 | D:2      | Noticed Natasha
   802 | D:2      | Killed Natasha
   979 | D:2      | Reached skill level 5 in Long Blades
   982 | D:2      | XOM: give mutations
   982 | D:2      | Gained mutation: You have large cloven feet. [Xom's grace]
   982 | D:2      | Gained mutation: You are resistant to hostile enchantments. (MR+) [Xom's grace]
   982 | D:2      | Gained mutation: You possess an exceptional clarity of mind. [Xom's grace]
  1149 | D:2      | Found a deep blue altar of Sif Muna.
  1231 | D:2      | Noticed Natasha
  1234 | D:2      | XOM: scenery: create altars
  1237 | D:2      | XOM: confuse monster(s)
  1238 | D:2      | Killed Natasha
  1238 | D:2      | Reached XP level 5. HP: 43/43 MP: 5/5
  1427 | D:2      | Found a burning altar of Makhleb.
  1491 | D:2      | XOM: scenery: create altars
  1514 | D:3      | Found an iron altar of Okawaru.
  1713 | D:3      | Noticed an angel
  1728 | D:3      | Found a shimmering altar of Xom.
  1737 | D:3      | XOM: potion effect (agility)
  1776 | D:3      | Noticed Robin
  1778 | D:3      | Killed Robin
  1813 | D:3      | Reached XP level 6. HP: 30/49 MP: 6/6
  1845 | D:3      | Found a glowing silver altar of Zin.
  1935 | D:3      | XOM: divination: detect items
  2198 | D:4      | Noticed a black bear
  2198 | D:4      | a crocodile changed into a black bear
  2206 | D:4      | Killed a black bear
  2206 | D:4      | Reached skill level 5 in Fighting
  2213 | D:4      | Found Zir Kosa's Gadget Boutique.
  2235 | D:4      | XOM: enchant monster (good)
  2236 | D:4      | XOM: confuse monster(s)
  2248 | D:4      | Reached XP level 7. HP: 56/56 MP: 7/7
  2399 | D:4      | Found a staircase to the Ecumenical Temple.
  2454 | D:4      | XOM: polymorph worker ant -> hound
  2476 | D:4      | XOM: polymorph hound -> iguana
  2611 | D:4      | XOM: polymorph orc -> quokka
  2632 | D:4      | Reached skill level 1 in Evocations
  2636 | D:4      | Reached skill level 5 in Armour
  2764 | D:4      | Reached XP level 8. HP: 44/63 MP: 7/9
  2769 | D:4      | XOM: scenery: 1 doors open, 1 doors close
  2782 | D:4      | Found Loheyf's Book Shop.
  2951 | D:4      | XOM: scenery: 2 doors close
  2957 | D:5      | Entered Level 5 of the Dungeon
  2968 | D:5      | Noticed Edmund
  2987 | D:5      | Killed Edmund
  3109 | D:5      | Found Ucyrch's Antique Weapon Shoppe.
  3126 | D:5      | XOM: divination: magic mapping
  3410 | D:5      | Found Buykicw's Book Shop.
  3511 | D:5      | Found Ozesm's General Store.
  3514 | D:5      | Bought a +0 pair of boots of flying for 172 gold pieces
  3609 | D:6      | XOM: 1-stop teleportation journey
  3661 | D:6      | XOM: smoke on damage
  3680 | D:6      | XOM: mild Hex miscast
  3688 | D:6      | XOM: chaos cloud
  3688 | D:6      | HP: 3/64 [wight/trident (9)]
  3725 | D:5      | XOM: summons 4 hostile demons
  3817 | D:6      | XOM: fog
  3842 | D:6      | Found a stormy altar of Qazlal.
  3954 | D:6      | XOM: enchant monster (good)
  4059 | D:6      | XOM: divination: magic mapping
  4062 | D:6      | XOM: chaos upgrade
  4069 | D:6      | XOM: 1-stop teleportation journey
  4080 | D:6      | XOM: destruction
  4084 | D:6      | Reached skill level 5 in Dodging
  4084 | D:6      | Reached XP level 9. HP: 71/71 MP: 11/11
  4174 | D:6      | XOM: 1-stop teleportation journey
  4183 | D:6      | XOM: cast spell 'Alistair's Intoxication'
  4383 | D:6      | XOM: noise
  4536 | D:7      | XOM: cloud trail
  4630 | D:6      | XOM: give mutation
  4630 | D:6      | Gained mutation: Scrolls take you a little longer to read. [Xom's mischief]
  4719 | D:7      | XOM: summons friendly crimson imp
  4720 | D:7      | XOM: divination: detect creatures
  4868 | D:7      | XOM: summons 9 friendly demons
  4964 | D:7      | Reached skill level 10 in Long Blades
  5450 | D:7      | XOM: scenery: create altars
  5513 | D:7      | Reached skill level 5 in Evocations
  5613 | D:7      | Reached XP level 10. HP: 73/79 MP: 13/13
  5846 | D:8      | XOM: smoke on damage
  5869 | D:8      | Found a shadowy altar of Dithmenos.
  5870 | D:8      | Found a hazy altar of Hepliaklqana.
  5870 | D:8      | Found a deep blue altar of Sif Muna.
  5890 | D:8      | XOM: silly message
  5935 | D:8      | Reached skill level 1 in Throwing
  6164 | D:8      | XOM: harmless Conj miscast
  6261 | D:8      | Found Qaci's Antique Armour Emporium.
  6281 | D:8      | Reached skill level 1 in Shields
  6285 | D:8      | Bought an embroidered scarf for 200 gold pieces
  6374 | D:8      | Found a basalt altar of Yredelemnul.
  6564 | D:8      | Noticed a two-headed ogre
  6571 | D:8      | Noticed a swamp dragon
  6571 | D:8      | a two-headed ogre changed into a swamp dragon
  6597 | D:8      | XOM: give mutations
  6597 | D:8      | Gained mutation: Your muscles are strong. (Str +2) [Xom's grace]
  6597 | D:8      | Gained mutation: You have hoof-like feet. [Xom's grace]
  6597 | D:8      | Gained mutation: You are partially covered in molten scales. (AC +2) [Xom's grace]
  6602 | D:8      | Reached skill level 1 in Slings
  6647 | D:8      | You are sucked into a shaft for 2 floors!
  6647 | D:10     | Entered Level 10 of the Dungeon
  6647 | D:10     | Noticed jblayyy's ghost (novice TrTm)
  6659 | D:10     | XOM: chaos cloud
  6688 | D:10     | Noticed Maurice
  6692 | D:10     | HP: 4/80 [disintegration (22)]
  6694 | D:10     | Killed Maurice
  6701 | D:10     | XOM: god gift: 40 gold pieces
  6759 | D:10     | Found a hide-covered altar of Uskayaw.
  6791 | D:9      | XOM: potion effect (agility)
  6826 | D:9      | XOM: confuse monster(s)
  6843 | D:9      | Found a staircase to the Lair.
  6886 | D:8      | XOM: god gift: box of beasts
  6894 | D:8      | Noticed a two-headed ogre
  6906 | D:8      | Killed a two-headed ogre
  7045 | D:9      | XOM: scenery: create altars
  7146 | D:9      | XOM: give mutation
  7146 | D:9      | Gained mutation: You are robust. (+10% HP) [Xom's grace]
  7158 | D:9      | Found a blossoming altar of Fedhas.
  7165 | D:9      | Noticed Prince Ribbit
  7175 | D:9      | XOM: smoke on damage
  7183 | D:9      | XOM: summons 10 friendly demons
  7201 | D:9      | XOM: scenery: create altars
  7205 | D:9      | Killed Prince Ribbit
  7205 | D:9      | Reached XP level 11. HP: 81/94 MP: 14/14
  7312 | D:9      | XOM: god gift: long sword {god gift}
  7371 | D:9      | XOM: smoke on damage
  7645 | D:9      | XOM: cloud trail
  7726 | D:9      | XOM: give mutations
  7726 | D:9      | Gained mutation: Your mind is acute. (Int +2) [Xom's grace]
  7726 | D:9      | Gained mutation: Your flesh is cold resistant. (rC+) [Xom's grace]
  7726 | D:9      | Gained mutation: Your mind is very acute. (Int +4) [Xom's grace]
  7832 | D:9      | XOM: 1-stop teleportation journey
  7932 | D:10     | XOM: cast spell 'Dispersal'
  7993 | D:10     | Reached skill level 5 in Shields
  8239 | D:10     | XOM: cloud trail
  8254 | D:10     | Found a glowing golden altar of the Shining One.
  8322 | D:10     | XOM: give mutations
  8322 | D:10     | Gained mutation: You can translocate small distances at will. [Xom's grace]
  8322 | D:10     | Gained mutation: Your spells are a little harder to cast, but a little more powerful. [Xom's grace]
  8322 | D:10     | Gained mutation: Your muscles are very strong. (Str +4) [Xom's grace]
  8357 | D:10     | XOM: god gift: 19 gold pieces
  8396 | D:11     | XOM: give mutations
  8396 | D:11     | Gained mutation: You are partially covered in iridescent scales. (AC +2) [Xom's grace]
  8396 | D:11     | Gained mutation: Your system is resistant to poisons. (rPois) [Xom's grace]
  8436 | D:11     | XOM: enchant monster (good)
  8437 | D:11     | Noticed a cyan ugly thing
  8438 | D:11     | XOM: scenery: create altars
  8452 | D:11     | XOM: god gift: 17 sling bullets
  8456 | D:11     | Killed a cyan ugly thing
  8460 | D:11     | XOM: summons friendly orange demon
  8493 | D:11     | Noticed a cyclops
  8508 | D:11     | XOM: scenery: create altars
  8509 | D:11     | Killed a cyclops
  8825 | D:11     | Found Wofac's Jewellery Shoppe.
  9007 | D:11     | Found a staircase to the Orcish Mines.
  9027 | D:11     | Found a roughly hewn altar of Beogh.
  9215 | D:12     | Found a flagged portal.
  9227 | D:12     | XOM: cleaving
  9232 | Bailey   | Entered a bailey
  9466 | Bailey   | XOM: confuse monster(s)
  9485 | Bailey   | XOM: polymorph orc warrior -> steam dragon
  9502 | Bailey   | XOM: 2-stop teleportation journey
  9566 | Bailey   | XOM: cast spell 'Summon Mana Viper'
  9594 | Bailey   | XOM: polymorph centaur -> jelly
  9624 | Bailey   | XOM: give mutations
  9624 | Bailey   | Gained mutation: You are agile. (Dex +2) [Xom's grace]
  9624 | Bailey   | Gained mutation: Your skin changes colour to match your surroundings (Stealth+). [Xom's grace]
  9624 | Bailey   | Gained mutation: You have hooves in place of feet. [Xom's grace]
  9624 | Bailey   | Gained mutation: You are partially covered in rugged brown scales. (AC +1, +3% HP) [Xom's grace]
  9869 | D:12     | XOM: fake destruction
  9878 | D:12     | XOM: scenery: create altars
  9883 | D:12     | XOM: summons 8 friendly demons
  9923 | D:12     | Noticed a centaur warrior
  9933 | D:12     | XOM: smoke on damage
  9938 | D:12     | Killed a centaur warrior
  9985 | D:11     | Reached XP level 12. HP: 98/107 MP: 15/15
  9997 | D:12     | XOM: polymorph ogre -> scorpion
 10001 | D:12     | XOM: enchant monster (good)
 10014 | D:12     | Reached skill level 10 in Armour
 10154 | D:12     | Noticed a two-headed ogre
 10158 | D:12     | XOM: enchant monster (bad)
 10166 | D:12     | Killed a two-headed ogre
 10253 | D:12     | XOM: noise
 10260 | D:12     | XOM: enchant monster (good)
 10405 | D:12     | Noticed a two-headed ogre
 10422 | D:12     | Killed a two-headed ogre
 10844 | Lair:1   | Entered Level 1 of the Lair of Beasts
 10975 | Lair:1   | XOM: polymorph wolf -> water moccasin
 10988 | Lair:1   | XOM: 3-stop teleportation journey
 11291 | Lair:1   | XOM: noise
 11294 | Lair:1   | XOM: noise
 11607 | Lair:1   | XOM: divination: magic mapping
 11642 | Lair:2   | Reached skill level 5 in Slings
 11988 | Lair:2   | Found a staircase to the Shoals.
 12023 | Lair:2   | XOM: confuse monster(s)
 12041 | Lair:2   | XOM: smoke on damage
 12050 | Lair:2   | XOM: summons friendly shadow imp
 12051 | Lair:2   | XOM: summons friendly crimson imp
 12093 | Lair:2   | Found a staircase to the Snake Pit.
 12123 | Lair:2   | Noticed a death yak
 12126 | Lair:2   | Noticed a death yak
 12130 | Lair:2   | Noticed a death yak
 12131 | Lair:2   | XOM: harmless Conj miscast
 12132 | Lair:2   | Noticed a death yak
 12146 | Lair:2   | XOM: cast spell 'Summon Ice Beast'
 12157 | Lair:2   | Killed a death yak
 12164 | Lair:2   | Noticed a death yak
 12185 | Lair:2   | Killed a death yak
 12185 | Lair:2   | Reached skill level 10 in Fighting
 12197 | Lair:2   | Killed a death yak
 12197 | Lair:2   | Gained mutation: You can hop longer distances. [Barachi growth]
 12197 | Lair:2   | Reached XP level 13. HP: 90/116 MP: 16/16
 12203 | Lair:2   | XOM: divination: detect creatures
 12206 | Lair:2   | XOM: confuse monster(s)
 12629 | Lair:3   | XOM: cast spell 'Chain of Chaos'
 12638 | Lair:3   | Noticed TroubleDarcy's ghost (journeyman GrBe)
 12644 | Lair:3   | XOM: divination: detect items
 12653 | Lair:3   | XOM: noise
 12659 | Lair:3   | Killed TroubleDarcy's ghost
 12733 | Lair:3   | XOM: cast spell 'Cause Fear'
 12981 | Lair:3   | XOM: cast spell 'Metabolic Englaciation'
 13063 | Lair:3   | Found a white marble altar of Elyvilon.
 13142 | Lair:3   | XOM: 1-stop teleportation journey
 13726 | Lair:4   | XOM: give mutations
 13726 | Lair:4   | Gained mutation: You are somewhat resistant to further mutation. [Xom's grace]
 13726 | Lair:4   | Gained mutation: You are resistant to electric shocks. (rElec) [Xom's grace]
 13726 | Lair:4   | Gained mutation: You passively map a small area around you. [Xom's grace]
 13726 | Lair:4   | Gained mutation: Your natural rate of healing is unusually fast. [Xom's grace]
 13773 | Lair:4   | XOM: god gift: bread ration
 13798 | Lair:4   | XOM: potion effect (curing)
 13851 | Lair:3   | XOM: 1-stop teleportation journey
 14022 | Lair:4   | XOM: destruction
 14214 | Lair:4   | XOM: fog
 14316 | Lair:5   | Reached skill level 10 in Shields
 14323 | Lair:5   | XOM: summons friendly ufetubus
 14325 | Lair:5   | Found a staircase to the Slime Pits.
 14328 | Lair:5   | Upgraded the game from 0.20-a0-1124-g2e29d97 to 0.20-a0-1126-g0f15420
 14334 | Lair:5   | XOM: destruction
 14365 | Lair:5   | XOM: divination: detect items
 14380 | Lair:5   | XOM: summons 2 friendly demons
 14382 | Lair:5   | XOM: enchant monster (bad)
 14426 | Lair:5   | XOM: polymorph yak -> salamander
 14447 | Lair:5   | XOM: potion effect (invisibility)
 14629 | Lair:5   | XOM: enchant monster (bad)
 14636 | Lair:5   | XOM: scenery: create altars
 14669 | Lair:5   | XOM: polymorph rime drake -> ice beast
 14740 | Lair:5   | XOM: cast spell 'Summon Dragon'
 14872 | Lair:5   | XOM: mild Chrm miscast
 14951 | Lair:5   | XOM: medium Pois miscast
 14976 | Lair:5   | Reached XP level 14. HP: 125/125 MP: 17/17
 15311 | Lair:5   | XOM: swap monsters
 15393 | Lair:6   | Entered Level 6 of the Lair of Beasts
 15444 | Lair:6   | XOM: enchant monster (bad)
 15450 | Lair:6   | XOM: enchant monster (bad)
 15452 | Lair:6   | XOM: polymorph yak -> elephant
 15454 | Lair:6   | XOM: give mutations
 15454 | Lair:6   | Lost mutation: You can translocate small distances at will. [Xom's mischief]
 15454 | Lair:6   | Lost mutation: You are robust. (+10% HP) [Xom's mischief]
 15473 | Lair:6   | XOM: swap monsters
 15946 | Lair:6   | XOM: summons 4 hostile shadow creatures
 15969 | Lair:6   | Reached skill level 15 in Long Blades
 15986 | Lair:5   | XOM: silly message
 15995 | Lair:6   | XOM: medium Ice miscast
 16055 | Lair:6   | Found a runed door.
 16077 | Lair:6   | XOM: polymorph torpor snail -> deep troll
 16102 | Lair:6   | XOM: mild Chrm miscast
 16116 | Lair:6   | XOM: divination: magic mapping
 16147 | Lair:6   | XOM: smoke on damage
 16210 | Lair:6   | XOM: confuse monster(s)
 16240 | Lair:6   | XOM: potion effect (might)
 16244 | Lair:6   | Reached skill level 15 in Armour
 16691 | D:11     | XOM: cloud trail
 16732 | Orc:1    | Entered Level 1 of the Orcish Mines
 16741 | Orc:1    | Reached skill level 10 in Dodging
 16798 | Orc:1    | XOM: 1-stop teleportation journey
 16873 | Orc:1    | XOM: 1-stop teleportation journey
 16945 | Orc:1    | XOM: give mutation
 16945 | Orc:1    | Gained mutation: You are highly resistant to hostile enchantments. (MR++) [Xom's grace]
 17025 | Orc:1    | XOM: blink monster(s)
 17029 | Orc:1    | XOM: polymorph orc warrior -> ice beast
 17128 | Orc:1    | XOM: mild Tmut miscast
 17164 | Orc:2    | Entered Level 2 of the Orcish Mines
 17272 | Orc:2    | Noticed Nessos
 17297 | Orc:2    | Killed Nessos
 17494 | Orc:2    | XOM: noise
 17507 | Orc:1    | Found Mekonirph's Book Emporium.
 17693 | Orc:2    | XOM: swap monsters
 17695 | Orc:2    | XOM: 4-stop teleportation journey
 17744 | Orc:2    | XOM: divination: detect creatures
 17872 | Orc:2    | Found a staircase to the Elven Halls.
 18034 | Orc:2    | XOM: destruction
 18071 | Orc:2    | XOM: enchant monster (good)
 18081 | Orc:2    | XOM: chaos upgrade
 18082 | Orc:2    | XOM: potion effect (heal wounds)
 18083 | Orc:2    | XOM: god gift: gnarled runed staff {god gift}
 18177 | Orc:1    | XOM: give mutation
 18177 | Orc:1    | Gained mutation: You are somewhat resistant to both further mutation and mutation removal. [Xom's grace]
 18238 | Orc:2    | XOM: potion effect (berserk rage)
 18240 | Orc:2    | XOM: noise
 18243 | Orc:2    | XOM: potion effect (agility)
 18245 | Orc:2    | XOM: summons 6 friendly demons
 18262 | Orc:2    | XOM: cloud trail
 18306 | Orc:2    | Found Qouck's Weapon Shoppe.
 18306 | Orc:2    | Found Xaitt's Food Shop.
 18316 | Orc:2    | Found Awnemmeu's Assorted Antiques.
 18316 | Orc:2    | Found Tunaucul's Gadget Shop.
 18327 | Orc:2    | Bought a scroll labeled KUHOG RING for 27 gold pieces
 18327 | Orc:2    | Bought a notched sapphire ring for 135 gold pieces
 18593 | D:13     | XOM: summons friendly shadow imp
 18594 | D:13     | XOM: enchant monster (good)
 18621 | D:13     | XOM: cloud trail
 18657 | D:13     | Reached XP level 15. HP: 63/122 MP: 18/18
 18688 | D:13     | XOM: potion effect (brilliance)
 18734 | D:13     | Found a gate to the Vaults.
 18736 | D:13     | XOM: summons 7 friendly demons
 18744 | D:13     | XOM: divination: magic mapping
 18752 | D:13     | XOM: cast spell 'Leda's Liquefaction'
 18759 | D:13     | XOM: confuse monster(s)
 18770 | D:13     | XOM: cast spell 'Summon Mana Viper'
 18965 | D:13     | XOM: confuse monster(s)
 19062 | D:13     | Noticed Kirke
 19067 | D:13     | XOM: silly message
 19091 | D:13     | Killed Kirke
 19116 | D:13     | Found Loum's Distillery.
 19124 | D:13     | Bought a potion of heal wounds for 65 gold pieces
 19124 | D:13     | Bought a potion of brilliance for 52 gold pieces
 19124 | D:13     | Bought a potion of curing for 39 gold pieces
 19124 | D:13     | Bought a potion of heal wounds for 65 gold pieces
 19124 | D:13     | Bought a potion of curing for 39 gold pieces
 19124 | D:13     | Bought a potion of lignification for 39 gold pieces
 19289 | D:14     | Found a shadowy altar of Dithmenos.
 19347 | D:14     | XOM: medium Air miscast
 19421 | D:13     | XOM: fog
 19449 | D:14     | XOM: blink monster(s)
 19453 | D:14     | XOM: enchant monster (good)
 19930 | D:15     | Entered Level 15 of the Dungeon
 19959 | D:15     | Found a roughly hewn altar of Beogh.
 19960 | D:15     | XOM: swap monsters
 19988 | D:15     | XOM: cast spell 'Olgreb's Toxic Radiance'
 20000 | D:15     | XOM: divination: detect items
 20004 | D:15     | XOM: potion effect (invisibility)
 20223 | D:15     | XOM: enchant monster (bad)
 20318 | D:15     | XOM: harmless Necr miscast
 20372 | D:15     | Found a staircase to the Depths.
 20373 | D:15     | XOM: 1-stop teleportation journey
 20640 | D:15     | XOM: torment (54/124 hp)
 20647 | D:15     | XOM: 4-stop teleportation journey
 20741 | D:15     | XOM: chaos cloud
 20818 | D:15     | XOM: harmless Necr miscast
 20819 | D:15     | Reached XP level 16. HP: 131/131 MP: 20/20
 21130 | Snake:1  | Entered Level 1 of the Snake Pit
 21279 | Snake:1  | XOM: cast spell 'Chain of Chaos'
 21671 | Snake:1  | XOM: cloud trail
 21702 | Snake:1  | XOM: 1-stop teleportation journey
 21892 | Snake:1  | XOM: snakes to sticks
 22034 | Snake:2  | XOM: 1-stop teleportation journey
 22037 | Snake:2  | XOM: divination: detect items
 22051 | Snake:2  | XOM: medium Pois miscast
 22143 | Snake:2  | XOM: cast spell 'Statue Form'
 22144 | Snake:2  | XOM: harmless Hex miscast
 22224 | Snake:2  | XOM: give mutation
 22224 | Snake:2  | Lost mutation: You are partially covered in rugged brown scales. (AC +1, +3% HP) [Xom's mischief]
 22255 | Snake:2  | XOM: 1-stop teleportation journey
 22262 | Snake:2  | XOM: harmless Necr miscast
 22322 | Snake:2  | XOM is BORED!
 22322 | Snake:2  | XOM: give mutation
 22322 | Snake:2  | Lost mutation: Your system is resistant to poisons. (rPois) [Xom's mischief]
 22472 | D:10     | XOM: mild Erth miscast
 22813 | Snake:3  | Noticed Bai Suzhen
 22819 | Snake:3  | XOM: potion effect (might)
 22830 | Snake:3  | Killed Bai Suzhen
 22834 | Snake:3  | XOM: polymorph guardian serpent -> shapeshifter
 22837 | Snake:3  | Noticed a nagaraja
 22837 | Snake:3  | XOM: potion effect (heal wounds)
 22838 | Snake:3  | XOM: confuse monster(s)
 22898 | Snake:3  | XOM: noise
 22902 | Snake:3  | XOM: noise
 22911 | Snake:3  | Killed a nagaraja
 22951 | Snake:3  | XOM: divination: detect items
 22975 | Snake:3  | Reached skill level 10 in Slings
 22988 | Snake:3  | XOM: divination: magic mapping
 23033 | Snake:3  | XOM: mild Conj miscast
 23042 | Snake:3  | XOM: cast spell 'Summon Butterflies'
 23044 | Snake:3  | XOM: cast spell 'Leda's Liquefaction'
 23056 | Snake:3  | XOM: cast spell 'Ring of Flames'
 23089 | Snake:3  | XOM: confuse monster(s)
 23103 | Snake:3  | XOM: harmless Erth miscast
 23118 | Snake:3  | XOM: confuse monster(s)
 23143 | Snake:3  | XOM: noise
 23147 | Snake:3  | XOM: harmless Necr miscast
 23165 | Snake:3  | XOM: potion effect (invisibility)
 23171 | Snake:3  | XOM: confuse monster(s)
 23179 | Snake:3  | XOM: smoke on damage
 23181 | Snake:3  | XOM: potion effect (agility)
 23186 | Snake:3  | XOM: harmless Chrm miscast
 23207 | Snake:3  | XOM: blink monster(s)
 23216 | Snake:3  | XOM: noise
 23218 | Snake:3  | XOM: divination: magic mapping
 23225 | Snake:3  | XOM: enchant monster (good)
 23239 | Snake:3  | Noticed Aizul
 23246 | Snake:3  | XOM: 2-stop teleportation journey
 23310 | Snake:3  | Found Coqoc's Antique Weapon Emporium.
 23327 | Snake:3  | XOM: cleaving
 23362 | Snake:3  | XOM: cleaving
 23378 | Snake:3  | Reached XP level 17. HP: 119/136 MP: 22/22
 23393 | Snake:3  | Killed Aizul
 23415 | Snake:3  | XOM: noise
 23665 | Snake:3  | XOM: destruction
 23825 | Snake:4  | Entered Level 4 of the Snake Pit
 23889 | Snake:4  | XOM: cast spell 'Leda's Liquefaction'
 23895 | Snake:4  | XOM: summons 2 friendly demons
 23900 | Snake:4  | XOM: medium Erth miscast
 23915 | Snake:4  | XOM: enchant monster (bad)
 23926 | Snake:4  | XOM: medium Necr miscast
 24134 | Snake:4  | XOM: enchant monster (good)
 24141 | Snake:4  | XOM: smoke on damage
 24193 | Snake:4  | XOM: 3-stop teleportation journey
 24221 | Snake:4  | Reached skill level 15 in Dodging
 24226 | Snake:4  | XOM: enchant monster (good)
 24282 | Snake:4  | XOM: polymorph guardian serpent -> redback
 24364 | Snake:4  | XOM: stat loss: -1 Dex (15/16)
 24399 | Snake:4  | XOM: 3-stop teleportation journey
 24411 | Snake:4  | XOM: medium Chrm miscast
 24434 | Snake:4  | HP: 5/137 [nagaraja/spear (16)]
 24435 | Snake:4  | Mangled by a nagaraja

Vault maps used:
D:1:      minmay_arrival_jagged, st_stairs_10, minmay_quantized
D:2:      marbit_many_paths, first_bread, led_sif_pool, uniq_natasha
D:3:      grunt_temple_overflow_order_and_chaos_1, lemuel_round_altar,
          uniq_robin
D:4:      minmay_temple_entry_trees, serial_shops, kennysheep_mini, shop,
          minmay_misc_feat_cross, minmay_ogre_servants
D:5:      serial_shops, nicolae_shop_crystal,
          nicolae_shop_competitors_out_of_business, shop, uniq_edmund
D:6:      lemuel_coloured_pillars_altar
D:7:      the_bakery
D:8:      kennysheep_mini_moat, grunt_temple_overflow_open, serial_shops, shop,
          hangedman_abyss_or_decor_jellyfish_corner, st_stairs_3
D:9:      fedhas_altar_3, lair_entry_dummy, uniq_prince_ribbit1
D:10:     basic_altar, corexii_leaking_fountain, nicolae_tso_carved_into_rock,
          uniq_maurice
D:11:     minmay_orc_entry_temple_small, serial_shops, shop
D:12:     enter_bailey_2
D:13:     lightli_vaults_fourway_checkpoint, serial_shops,
          nicolae_shop_waterfront, uniq_kirke
D:14:     grunt_dithmenos_smoke, hangedman_incinerator
D:15:     hangedman_depths_entry_try_elsewhere_first, special_room,
          lightli_corner_chamber
Lair:1:   zaba_anthole
Lair:2:   minmay_shoals_entry_hut, minmay_snake_entry_six_corridors
Lair:3:   basic_altar
Lair:4:   grunt_megastairs_4
Lair:5:   minmay_slime_entry_pillars
Lair:6:   wormcave, grunt_megastairs_5, serial_bayou_shore_b
Snake:1:  nicolae_snake_serpentine_hallways
Snake:3:  serial_shops, nicolae_shop_trees, serial_bayou_shore_b,
          grunt_megastairs_3, uniq_aizul, uniq_bai_suzhen
Snake:4:  grunt_snake_rune_pools, uniq_louise
Orc:1:    serial_shops, nicolae_shop_stone
Orc:2:    grunt_orc_tribal_feast, uniq_nessos
Bailey:   bailey_polearm_flooded_kennysheep, bailey

Skill      XL: |  1  2  3  4  5  6  7  8  9 10 11 12 13 14 15 16 17 |
---------------+----------------------------------------------------+-----
Long Blades    | 4 5 6 7 8 10 11 12 13 14 15 16 17 | 17.1
Fighting       | 4 5 6 7 8 9 10 11 12 13 | 13.4
Armour         | 3 4 5 6 7 8 9 12 14 16 17 | 17.9
Dodging        | 2 3 4 5 6 7 8 9 10 12 14 15 | 15.2
Evocations     | 1 3 5 7 |  7.7
Throwing       | 1 |  1.3
Shields        | 4 7 8 10 11 12 13 | 13.1
Slings         | 2 4 5 6 7 8 10 11 | 11.0

Action                   |  1- 3 |  4- 6 |  7- 9 | 10-12 | 13-15 | 16-18 || total
-------------------------+-------+-------+-------+-------+-------+-------++-------
Melee: Falchion          |    91 |   179 |   560 |   359 |       |       ||  1189
       Kick              |       |    40 |    82 |   218 |   715 |   401 ||  1456
       Long sword        |       |       |       |   781 |       |       ||   781
       Double sword      |       |       |       |   224 |  1683 |   909 ||  2816
       Scimitar          |       |       |       |       |    13 |    37 ||    50
 Fire: Hunting sling     |       |       |       |    19 |   133 |       ||   152
Throw: Javelin           |       |       |       |     3 |    23 |    10 ||    36
 Abil: Hop               |       |       |       |     1 |    10 |     2 ||    13
       Blink             |       |       |       |       |    15 |       ||    15
Evoke: Wand              |       |       |     2 |     7 |    17 |       ||    26
  Use: Scroll            |     4 |     5 |     3 |    10 |    14 |     2 ||    38
       Potion            |     1 |     7 |     4 |     7 |     5 |    16 ||    40
 Stab: Petrified         |     7 |       |       |       |       |     7 ||    14
       Sleeping          |     1 |       |       |       |       |       ||     1
       Confused          |       |     5 |     6 |     5 |     7 |     3 ||    26
       Paralysed         |       |     5 |    12 |    25 |    27 |       ||    69
       Petrifying        |       |       |       |     2 |       |     1 ||     3
       Invisible         |       |       |       |     8 |    16 |    10 ||    34
       Distracted        |       |       |       |     1 |     2 |       ||     3
  Eat: Chunk             |       |     6 |    11 |    28 |    34 |     4 ||    83
       Fruit             |       |       |     4 |       |     1 |       ||     5
       Royal jelly       |       |       |       |       |     3 |     5 ||     8
Armor: Leather armour    |    38 |    49 |   188 |   135 |       |       ||   410
       Chain mail        |       |       |       |   333 |   446 |       ||   779
       Crystal plate arm |       |       |       |       |   303 |   144 ||   447
       Storm dragon scal |       |       |       |       |       |   293 ||   293
       Skin              |       |       |       |       |       |    15 ||    15
Dodge: Dodged            |    56 |   110 |   346 |   482 |   620 |   500 ||  2114
Block: Shield            |       |       |       |   775 |  1224 |   825 ||  2824
       Rpst.: Falchion   |    15 |    35 |    98 |    33 |       |       ||   181
       Long sword        |       |       |       |    63 |       |       ||    63
       Double sword      |       |       |       |    26 |   147 |   100 ||   273
       Scimitar          |       |       |       |       |       |    10 ||    10
